[Event "Asian Zonal 3.3 Women 2019"]
[Site "Ulaanbaatar"]
[Date "2019.04.14"]
[Round "8.4"]
[White "Sihite, Chelsie Monica Igne"]
[Black "Aulia, Medina Warda"]
[Result "0-1"]
[ECO "C04"]
[WhiteElo "2227"]
[BlackElo "2362"]
[Annotator "NA"]
[PlyCount "50"]
[EventDate "2019.04.07"]
[EventType "swiss"]
[EventRounds "9"]
[EventCountry "MGL"]
[SourceTitle "playchess.com"]
[Source "ChessBase"]
[SourceQuality "1"]
[TimeControl "40/5400+30:1800+30"]

1. e4 e6 2. d4 d5 3. Nd2 Nc6 4. Ngf3 Nf6 5. e5 Nd7 6. Be2 f6 7. exf6 Qxf6 8. c3 Bd6 9. O-O O-O 10. Re1 e5 11. dxe5 Ndxe5 12. Nb3 Ng4 13. Qxd5+ Be6 14. Qd1 Nxh2 15. Be3 Rad8 16. Nbd2 Nxf3+ 17. Bxf3 Qh4 18. g3 Bxg3 19. fxg3 Qxg3+ 20. Bg2 Ne5 21. Ne4 Qg6 22. Nd2 Rxd2 23. Bxd2 Bd5 24. Bg5 Nf3+ 25. Bxf3 Qxg5+ 0-1

[Event "Asian Zonal 3.3 Women 2019"]
[Site "Ulaanbaatar"]
[Date "2019.04.14"]
[Round "8.5"]
[White "Nomindalai Tumurbaatar"]
[Black "Pham, Le Thao Nguyen"]
[Result "0-1"]
[ECO "A47"]
[WhiteElo "1958"]
[BlackElo "2383"]
[Annotator "ChessBase"]
[PlyCount "124"]
[EventDate "2019.04.07"]
[EventType "swiss"]
[EventRounds "9"]
[EventCountry "MGL"]
[SourceTitle "playchess.com"]
[Source "ChessBase"]
[SourceQuality "1"]
[TimeControl "40/5400+30:1800+30"]

1. d4 Nf6 2. Bf4 e6 3. e3 b6 4. Nd2 Bb7 5. Ngf3 Nh5 6. Bg5 Be7 7. Bxe7 Qxe7 8. c3 Nf6 9. a4 a5 10. Bd3 d6 11. O-O O-O 12. e4 e5 13. d5 Nh5 14. Re1 Nf4 15. Bf1 Bc8 16. Nc4 Na6 17. Ne3 Nc5 18. Nf5 Qf6 19. Ng3 Bd7 20. Re3 h5 21. Bb5 Bxb5 22. axb5 h4 23. Nf5 h3 24. N3h4 hxg2 25. Qg4 g6 26. c4 Rfd8 27. Nxg2 Nxe4 28. Nh6+ Kg7 29. Nxf4 Qxf4 30. Qxf4 exf4 31. Rxe4 Kxh6 32. Re7 Rac8 33. Rxf7 Rf8 34. Re7 f3 35. Rae1 Rf5 36. h4 g5 37. R1e6+ Kh5 38. Rh7+ Kg4 39. Re4+ Rf4 40. Rxf4+ gxf4 41. h5 Re8 42. h6 Kg5 43. Rxc7 Re1+ 44. Kh2 Kxh6 45. Rc6 Rf1 46. Rxd6+ Kg5 47. Rxb6 Rxf2+ 48. Kg1 Rxb2 49. Rb8 a4 50. d6 Rd2 51. c5 a3 52. Ra8 a2 53. d7 Kg4 54. Rxa2 Rxd7 55. Kf2 Rh7 56. Kg1 Kg3 57. c6 Re7 58. Kf1 Rh7 59. Kg1 Rh5 60. Rb2 Rc5 61. Rb1 f2+ 62. Kf1 f3 0-1

[Event "Asian Zonal 3.3 Women 2019"]
[Site "Ulaanbaatar"]
[Date "2019.04.14"]
[Round "8.5"]
[White "Ulziikhishigjargal, Ochirkhuyag"]
[Black "Hoang, Thi Bao Tram"]
[Result "*"]
[ECO "A47"]
[WhiteElo "1843"]
[BlackElo "2298"]
[Annotator "NA"]
[PlyCount "51"]
[EventDate "2019.04.07"]
[EventType "swiss"]
[EventRounds "9"]
[EventCountry "MGL"]
[SourceTitle "playchess.com"]
[Source "ChessBase"]
[SourceQuality "1"]
[TimeControl "40/5400+30:1800+30"]

1. d4 Nf6 2. Bf4 e6 3. e3 b6 4. Nd2 Bb7 5. Ngf3 Nh5 6. Bg5 {[%emt 0:00:17] A47: 1 d4 Nf6 2 Nf3 b6: Torre, London and Colle Systems} Be7 7. Bxe7 Qxe7 {[%emt 0:00:11] LiveBook: 18 Games} 8. c3 (8. e4 O-O 9. a4 a6 10. Ra3 d6 11. Bc4 Nf6 12. Bd3 e5 13. O-O Nbd7 {1-0 (61) Firouzja,A (2499)-Bruzon Batista,L (2653) Bandar e Anzali 2017}) 8... Nf6 9. a4 $146 ({Predecessor:} 9. Bd3 d5 10. Qe2 Ne4 11. Bb5+ c6 12. Bd3 Nxd2 13. Nxd2 c5 14. dxc5 bxc5 {0-1 (98) Sriram,J (2426)-Laxman,R (2387) Lucknow 2016}) 9... a5 10. Bd3 d6 11. O-O O-O 12. e4 e5 13. d5 Nh5 14. Re1 Nf4 15. Bf1 Bc8 16. Nc4 Na6 17. Ne3 Nc5 18. Nf5 ({White should play} 18. Qc2 $14) 18... Qf6 19. Ng3 Bd7 20. Re3 h5 21. Bb5 Bxb5 22. axb5 h4 23. Nf5 h3 24. N3h4 hxg2 25. Qg4 $17 g6 26. c4 *

[Event "Asian Zonal 3.3 Women 2019"]
[Site "Ulaanbaatar"]
[Date "2019.04.14"]
[Round "8.6"]
[White "Nomindalai Tumurbaatar"]
[Black "Pham, Le Thao Nguyen"]
[Result "*"]
[ECO "B13"]
[WhiteElo "1958"]
[BlackElo "2383"]
[Annotator "NA"]
[PlyCount "47"]
[EventDate "2019.04.07"]
[EventType "swiss"]
[EventRounds "9"]
[EventCountry "MGL"]
[SourceTitle "playchess.com"]
[Source "ChessBase"]
[SourceQuality "1"]
[TimeControl "40/5400+30:1800+30"]

1. e4 c6 2. d4 d5 3. exd5 cxd5 4. c4 Nf6 5. Nc3 Nc6 6. Nf3 Be6 7. cxd5 {[%emt 1:30:23] LiveBook: 20 Games B13: Caro-Kann: Exchange Variation and Panov-Botvinnik Attack} (7. c5 a6 8. h3 Bf5 9. Bd3 g6 10. O-O Bg7 11. Re1 O-O 12. a3 e6 13. Bf4 Bxd3 14. Qxd3 Nd7 {½-½ (51) Zhang,Z (2619)-Kovalenko,I (2700) Berlin 2015}) 7... Bxd5 8. Be3 e6 9. Be2 Bd6 10. O-O O-O $146 ({Predecessor:} 10... Bc7 11. Rc1 a6 12. Bg5 Qd6 13. g3 Rd8 14. Bf4 Qe7 15. Bxc7 Qxc7 16. Nxd5 Nxd5 {1-0 (37) Hoffmann,H (2279)-Fraas,H (2165) Dresden 2001}) 11. h3 Rc8 12. Rc1 Bb8 13. Nxd5 Nxd5 14. Bd3 h6 15. Bb1 Qd6 16. Qd3 Nf6 17. Qd2 Rcd8 18. g3 Qd5 19. Qe2 Bd6 20. a3 Rfe8 21. b4 a6 22. Ba2 Qh5 23. Kg2 Nd5 $11 24. Bc4 *

[Event "Asian Zonal 3.3 Women 2019"]
[Site "Ulaanbaatar"]
[Date "2019.04.14"]
[Round "8.6"]
[White "Ulziikhishigjargal, Ochirkhuyag"]
[Black "Hoang, Thi Bao Tram"]
[Result "0-1"]
[ECO "B13"]
[WhiteElo "1843"]
[BlackElo "2298"]
[Annotator "ChessBase"]
[PlyCount "102"]
[EventDate "2019.04.07"]
[EventType "swiss"]
[EventRounds "9"]
[EventCountry "MGL"]
[SourceTitle "playchess.com"]
[Source "ChessBase"]
[SourceQuality "1"]
[TimeControl "40/5400+30:1800+30"]

1. e4 c6 2. d4 d5 3. exd5 cxd5 4. c4 Nf6 5. Nc3 Nc6 6. Nf3 Be6 7. cxd5 Bxd5 8. Be3 e6 9. Be2 Bd6 10. O-O O-O 11. h3 Rc8 12. Rc1 Bb8 13. Nxd5 Nxd5 14. Bd3 h6 15. Bb1 Qd6 16. Qd3 Nf6 17. Qd2 Rcd8 18. g3 Qd5 19. Qe2 Bd6 20. a3 Rfe8 21. b4 a6 22. Ba2 Qh5 23. Kg2 Nd5 24. Bc4 Nce7 25. Bd2 Nf6 26. Rh1 Qf5 27. Rhe1 Nfd5 28. Ne5 Bxe5 29. dxe5 Nb6 30. Ba2 Qd3 31. Be3 Na4 32. Qf3 Qxa3 33. Bb1 Rd5 34. Be4 Rxe5 35. Bf4 Qxf3+ 36. Kxf3 Rb5 37. Bd2 Rd8 38. Ke2 Re5 39. f3 g5 40. Be3 f5 41. Rc7 Kf7 42. Ra1 b5 43. Bf4 gxf4 44. gxf4 Rxe4+ 45. fxe4 fxe4 46. Ke3 Nc3 47. Rxc3 Nd5+ 48. Kd4 Nxc3+ 49. Kxc3 Kf6 50. Rxa6 Kf5 51. Kc2 e3 0-1

[Event "Asian Zonal 3.3 Women 2019"]
[Site "Ulaanbaatar"]
[Date "2019.04.14"]
[Round "8.12"]
[White "Doan, Thi Hong Nhung"]
[Black "Mandukhai, Myagmarsuren"]
[Result "0-1"]
[ECO "A00"]
[WhiteElo "1938"]
[BlackElo "1902"]
[Annotator "NA RC"]
[PlyCount "128"]
[EventDate "2019.04.07"]
[EventType "swiss"]
[EventRounds "9"]
[EventCountry "MGL"]
[SourceTitle "playchess.com"]
[Source "ChessBase"]
[SourceQuality "1"]
[TimeControl "40/5400+30:1800+30"]

1. d4 d5 2. c4 c6 3. Nc3 Nf6 4. Nf3 e6 5. Bg5 Nbd7 6. e3 Qa5 7. Nd2 Bb4 8. Qc2 O-O 9. a3 dxc4 10. Bxf6 Nxf6 11. Nxc4 Bxc3+ 12. bxc3 Qc7 13. Bd3 c5 14. O-O b6 15. e4 Ba6 16. Ne3 cxd4 17. Bxa6 dxe3 18. f3 Rad8 19. Qe2 Qxc3 20. Rfe1 Nd7 21. Qxe3 Qxe3+ 22. Rxe3 Nc5 23. Be2 Rd2 24. f4 Rfd8 25. Rc1 Kf8 26. f5 e5 27. Bc4 Nd3 28. Bxd3 R2xd3 29. Kf2 Rd2+ 30. Re2 Rxe2+ 31. Kxe2 Ke7 32. Rc7+ Rd7 33. Rc8 f6 34. g4 h6 35. h4 Rd4 36. Ke3 Ra4 37. Rc7+ Kf8 38. Rc8+ Kf7 39. Rc7+ Kg8 40. Rc8+ Kh7 41. Rc3 b5 42. Rb3 a6 43. Rc3 a5 44. Kd3 b4 45. axb4 axb4 46. Rc4 Ra3+ 47. Ke2 Rg3 48. g5 fxg5 49. hxg5 Rxg5 50. Kf3 h5 51. Rxb4 h4 52. Rb6 Rg3+ 53. Kf2 Rg4 54. Kf3 Rf4+ 55. Ke3 h3 56. Rb2 Kh6 57. Rh2 Rh4 58. Kf3 Kg5 59. Rh1 h2 60. Kg3 Rh5 61. Kf3 Rh3+ 62. Kg2 Kg4 63. Kf2 Rb3 64. Kg2 Rb2+ 0-1

[Event "Asian Zonal 3.3 Women 2019"]
[Site "Ulaanbaatar"]
[Date "2019.04.14"]
[Round "8.15"]
[White "Khongorzul, Davaakhuu"]
[Black "Margadgua, Erdenebayar"]
[Result "1-0"]
[ECO "A00"]
[WhiteElo "1568"]
[BlackElo "1585"]
[Annotator "NA RC"]
[PlyCount "59"]
[EventDate "2019.04.07"]
[EventType "swiss"]
[EventRounds "9"]
[EventCountry "MGL"]
[SourceTitle "playchess.com"]
[Source "ChessBase"]
[SourceQuality "1"]
[TimeControl "40/5400+30:1800+30"]

1. e4 c5 2. Nf3 d6 3. c4 e5 4. g3 Nf6 5. Nc3 Nc6 6. Bg2 Bg4 7. h3 Be6 8. d3 h6 9. Nh2 Qd7 10. Nf1 g5 11. Ne3 Nd4 12. Ne2 g4 13. Nxd4 cxd4 14. Nd5 Bxd5 15. cxd5 gxh3 16. Bxh3 Qb5 17. Qc2 Nd7 18. a4 Qa6 19. b4 b6 20. Qc6 Rd8 21. Bg5 Be7 22. b5 Qc8 23. Bxh6 Rg8 24. Bf5 Rh8 25. Ke2 Bf6 26. g4 a5 27. g5 Be7 28. g6 Bf6 29. gxf7+ Kxf7 30. Qxc8 1-0

[Event "Asian Zonal 3.3 Women 2019"]
[Site "Ulaanbaatar"]
[Date "2019.04.14"]
[Round "8.17"]
[White "Khanyl, Chuluuntuya"]
[Black "Urangoo, Kherlenzorig"]
[Result "0-1"]
[ECO "A00"]
[WhiteElo "1375"]
[BlackElo "1475"]
[Annotator "NA RC"]
[PlyCount "68"]
[EventDate "2019.04.07"]
[EventType "swiss"]
[EventRounds "9"]
[EventCountry "MGL"]
[SourceTitle "playchess.com"]
[Source "ChessBase"]
[SourceQuality "1"]
[TimeControl "40/5400+30:1800+30"]

1. d4 d5 2. Nf3 Nf6 3. Bg5 e6 4. e3 Nbd7 5. Bd3 h6 6. Bh4 g5 7. Bg3 Nh5 8. Nbd2 Nxg3 9. hxg3 Bg7 10. c3 a6 11. e4 dxe4 12. Nxe4 b6 13. Qe2 Bb7 14. Ned2 Nf6 15. Be4 Nxe4 16. Nxe4 O-O 17. Qd3 f5 18. Ned2 e5 19. Qc2 exd4 20. cxd4 g4 21. Nh4 Qxd4 22. Nxf5 Rae8+ 23. Kd1 Qf6 24. Nxg7 Qxg7 25. Qc4+ Kh7 26. Qd3+ Kh8 27. f3 gxf3 28. Kc2 fxg2 29. Rhg1 Rd8 30. Qc3 Rf2 31. Rad1 Bf3 32. Rc1 Qxc3+ 33. Kxc3 Rdxd2 34. Rce1 Bc6 0-1

[Event "Asian Zonal 3.3 Women 2019"]
[Site "Ulaanbaatar"]
[Date "2019.04.14"]
[Round "8.18"]
[White "Munkhzul, Davaakhuu"]
[Black "Ng, Sau Wai"]
[Result "1-0"]
[ECO "A00"]
[WhiteElo "1793"]
[BlackElo "1154"]
[Annotator "NA RC"]
[PlyCount "59"]
[EventDate "2019.04.07"]
[EventType "swiss"]
[EventRounds "9"]
[EventCountry "MGL"]
[SourceTitle "playchess.com"]
[Source "ChessBase"]
[SourceQuality "1"]
[TimeControl "40/5400+30:1800+30"]

1. e4 d5 2. exd5 Nf6 3. Nc3 Nxd5 4. Bc4 Nxc3 5. Qf3 e6 6. dxc3 Nc6 7. Bb3 Bc5 8. Ne2 O-O 9. O-O Ne5 10. Qg3 Qf6 11. Bg5 Qf5 12. Bf4 Bd6 13. Rae1 Qh5 14. Nd4 Ng6 15. Bxd6 cxd6 16. Qxd6 b6 17. Re3 Bb7 18. Qg3 Bd5 19. Bxd5 exd5 20. Nf3 Qf5 21. Re2 Nf4 22. Rd2 Rfe8 23. Nd4 Qf6 24. Qf3 Qh6 25. Rfd1 g5 26. g3 Nh3+ 27. Kg2 g4 28. Qxg4+ Ng5 29. h4 Re4 30. Qxg5+ 1-0

[Event "Asian Zonal 3.3 Women 2019"]
[Site "Ulaanbaatar"]
[Date "2019.04.14"]
[Round "8.19"]
[White "Anujin, Bat-Amgalan"]
[Black "Enkhnasan, Namjiljav"]
[Result "1/2-1/2"]
[ECO "A00"]
[WhiteElo "1407"]
[BlackElo "1610"]
[Annotator "NA RC"]
[PlyCount "136"]
[EventDate "2019.04.07"]
[EventType "swiss"]
[EventRounds "9"]
[EventCountry "MGL"]
[SourceTitle "playchess.com"]
[Source "ChessBase"]
[SourceQuality "1"]
[TimeControl "40/5400+30:1800+30"]

1. d4 Nf6 2. Bf4 d5 3. e3 Bf5 4. c3 e6 5. Nd2 Be7 6. Ngf3 O-O 7. Be2 Nbd7 8. h3 h6 9. O-O c5 10. a4 Rc8 11. Ne5 Nxe5 12. Bxe5 Bd6 13. Nf3 Ne4 14. Bxd6 Qxd6 15. Bd3 Qe7 16. Bxe4 Bxe4 17. Ne5 f6 18. f3 Bh7 19. Ng4 c4 20. Nf2 b6 21. e4 Qc7 22. Qd2 Rce8 23. Rae1 a5 24. e5 fxe5 25. Rxe5 Rf5 26. Rfe1 Rxe5 27. Rxe5 Qd7 28. Qd1 b5 29. axb5 Qxb5 30. Qe2 Kf7 31. f4 Qb3 32. Ng4 Qc2 33. Qxc2 Bxc2 34. Re2 Bd3 35. Ne5+ Kf6 36. Nxd3 cxd3 37. Rd2 Rb8 38. g4 a4 39. Kf2 g5 40. Ke3 Rb6 41. Rf2 gxf4+ 42. Kxf4 Rb3 43. Ke3+ Ke7 44. Kxd3 a3 45. bxa3 Rxa3 46. Rg2 Ra8 47. h4 Rf8 48. Ke2 Rf4 49. Rg3 Kd7 50. g5 hxg5 51. hxg5 Ke7 52. Ke3 Rf8 53. Rh3 Rf5 54. Rh7+ Kf8 55. g6 Rg5 56. Rf7+ Ke8 57. Ra7 Rxg6 58. Kf4 Rg1 59. Ke5 Re1+ 60. Kd6 Re3 61. Re7+ Kd8 62. Rxe6 Rxc3 63. Kxd5 Rd3 64. Rh6 Kd7 65. Rh7+ Kc8 66. Kc6 Rxd4 67. Rh8+ Rd8 68. Rxd8+ Kxd8 1/2-1/2

[Event "Asian Zonal 3.3 Women 2019"]
[Site "Ulaanbaatar"]
[Date "2019.04.15"]
[Round "9.8"]
[White "Mandukhai, Myagmarsuren"]
[Black "Nomindalai, Tumurbaatar"]
[Result "0-1"]
[ECO "A00"]
[WhiteElo "1902"]
[BlackElo "1958"]
[Annotator "NA RC"]
[PlyCount "80"]
[EventDate "2019.04.07"]
[EventType "swiss"]
[EventRounds "9"]
[EventCountry "MGL"]
[SourceTitle "playchess.com"]
[Source "ChessBase"]
[SourceQuality "1"]
[TimeControl "40/5400+30:1800+30"]

1. d4 d6 2. c4 e5 3. e4 Nf6 4. Nc3 Nbd7 5. Nf3 Be7 6. Be2 O-O 7. O-O Re8 8. d5 Nc5 9. Qc2 a5 10. Be3 b6 11. Nd2 Ng4 12. Bxg4 Bxg4 13. f3 Bh5 14. a3 Bg5 15. Nd1 Bg6 16. Nb3 Nd7 17. Qd2 Bxe3+ 18. Nxe3 a4 19. Nc1 Qg5 20. Nd3 Nc5 21. Nxc5 bxc5 22. b3 f5 23. exf5 Bxf5 24. b4 cxb4 25. axb4 Rf8 26. Ra3 Rf6 27. c5 Raf8 28. Rxa4 Bh3 29. Qe2 Rf4 30. Kh1 e4 31. gxh3 exf3 32. Qf2 dxc5 33. Ra7 Re4 34. Rxc7 Qe5 35. Qg3 Rxe3 36. bxc5 Qd4 37. d6 f2 38. Qg2 Re1 39. Re7 Rxf1+ 40. Qxf1 Qd5+ 0-1

[Event "Asian Zonal 3.3 Women 2019"]
[Site "Ulaanbaatar"]
[Date "2019.04.15"]
[Round "9.9"]
[White "Nguyen, Thi Mai Hung"]
[Black "Ulziikhishigjargal, Ochirkhuyag"]
[Result "1-0"]
[ECO "A00"]
[WhiteElo "2281"]
[BlackElo "1843"]
[Annotator "RC"]
[PlyCount "85"]
[EventDate "2019.04.07"]
[EventType "swiss"]
[EventRounds "9"]
[EventCountry "MGL"]
[SourceTitle "playchess.com"]
[Source "ChessBase"]
[SourceQuality "1"]
[TimeControl "40/5400+30:1800+30"]

1. d4 Nf6 2. c4 e6 3. g3 d5 4. Nf3 dxc4 5. Bg2 c5 6. O-O Nc6 7. Qa4 Bd7 8. Qxc4 b5 9. Qd3 Rc8 10. dxc5 Bxc5 11. Nc3 Nb4 12. Qd2 Bc6 13. Qg5 O-O 14. Qxc5 Nc2 15. Rb1 Bxf3 16. Qxb5 Nd4 17. Qa6 Rxc3 18. exf3 Nxf3+ 19. Kh1 Rd3 20. Be3 Nd2 21. Bxd2 Rxd2 22. Qxa7 Qb8 23. Qxb8 Rxb8 24. a4 Rbxb2 25. Rxb2 Rxb2 26. Ra1 Nd5 27. a5 Kf8 28. a6 Rb8 29. f4 g6 30. Kg1 Ke7 31. Bxd5 exd5 32. Kf2 Kd6 33. Ke3 Kc5 34. Kd3 Rb3+ 35. Kc2 Rb8 36. Kc3 f5 37. a7 Ra8 38. Ra2 h6 39. h4 h5 40. Ra1 Kb6 41. Kd4 Kb7 42. Ra2 Rc8 43. a8=Q+ 1-0

[Event "Asian Zonal 3.3 Women 2019"]
[Site "Ulaanbaatar"]
[Date "2019.04.15"]
[Round "9.13"]
[White "Urangoo, Kherlenzorig"]
[Black "Doan, Thi Hong Nhung"]
[Result "0-1"]
[ECO "A00"]
[WhiteElo "1475"]
[BlackElo "1938"]
[Annotator "NA RC"]
[PlyCount "78"]
[EventDate "2019.04.07"]
[EventType "swiss"]
[EventRounds "9"]
[EventCountry "MGL"]
[SourceTitle "playchess.com"]
[Source "ChessBase"]
[SourceQuality "1"]
[TimeControl "40/5400+30:1800+30"]

1. e4 c6 2. d3 d5 3. Nd2 e5 4. Ngf3 Bd6 5. g3 Nf6 6. Bg2 O-O 7. O-O Re8 8. h3 Nbd7 9. g4 Nf8 10. Re1 Qb6 11. Nb3 Ng6 12. Be3 d4 13. Bc1 Qc7 14. Nbd2 Be6 15. Nf1 c5 16. c4 b5 17. b3 bxc4 18. bxc4 Rab8 19. Qc2 Qb7 20. Ng3 Bc7 21. Ba3 Bb6 22. Reb1 Qa6 23. Bc1 Bd7 24. Rb2 Ba4 25. Qe2 Ba5 26. Rab1 Qd6 27. Bg5 Nd7 28. h4 f6 29. Bc1 Bc3 30. Rxb8 Rxb8 31. Rxb8+ Qxb8 32. h5 Qb1 33. Qf1 Ngf8 34. g5 Bc2 35. Bd2 Bxd3 36. Qxb1 Bxb1 37. Bxc3 dxc3 38. Ne1 fxg5 39. a3 Ne6 0-1

[Event "Asian Zonal 3.3 Women 2019"]
[Site "Ulaanbaatar"]
[Date "2019.04.15"]
[Round "9.14"]
[White "Unurzul, Davaakhuu"]
[Black "Enkhsaran, Batsaikhan"]
[Result "1/2-1/2"]
[ECO "A00"]
[WhiteElo "1378"]
[BlackElo "1792"]
[Annotator "NA RC"]
[PlyCount "51"]
[EventDate "2019.04.07"]
[EventType "swiss"]
[EventRounds "9"]
[EventCountry "MGL"]
[SourceTitle "playchess.com"]
[Source "ChessBase"]
[SourceQuality "1"]
[TimeControl "40/5400+30:1800+30"]

1. e4 e6 2. Nf3 d5 3. exd5 exd5 4. d4 Bd6 5. Nc3 c6 6. Be3 Bg4 7. Be2 Ne7 8. h3 Bh5 9. Qd2 Nd7 10. Bf4 Qc7 11. Bxd6 Qxd6 12. O-O-O O-O-O 13. g4 Bg6 14. Rhe1 Rhe8 15. h4 h6 16. Bf1 Kb8 17. h5 Be4 18. Nxe4 dxe4 19. Nh4 g6 20. hxg6 fxg6 21. Bg2 Qf6 22. Rh1 Nb6 23. Bf1 Nbd5 24. Re1 Nb6 25. Rd1 Qf7 26. Kb1 1/2-1/2

[Event "Asian Zonal 3.3 Women 2019"]
[Site "Ulaanbaatar"]
[Date "2019.04.15"]
[Round "9.15"]
[White "Udval, Enkhsaikhan"]
[Black "Munkhzul, Davaakhuu"]
[Result "0-1"]
[ECO "A00"]
[WhiteElo "1761"]
[BlackElo "1793"]
[Annotator "NA RC"]
[PlyCount "76"]
[EventDate "2019.04.07"]
[EventType "swiss"]
[EventRounds "9"]
[EventCountry "MGL"]
[SourceTitle "playchess.com"]
[Source "ChessBase"]
[SourceQuality "1"]
[TimeControl "40/5400+30:1800+30"]

1. d4 Nf6 2. Nf3 d5 3. c3 e6 4. Bg5 Be7 5. Nbd2 O-O 6. e3 c5 7. Bd3 Nbd7 8. O-O b6 9. Ne5 Bb7 10. f4 Ne4 11. Bxe7 Qxe7 12. Nxd7 Qxd7 13. Qc2 Nxd2 14. Qxd2 f5 15. Rf3 Rf6 16. Rh3 Raf8 17. Qe2 c4 18. Bc2 Rg6 19. Rf1 b5 20. Qh5 Rh6 21. Qf3 Rxh3 22. Qxh3 a5 23. a3 b4 24. axb4 axb4 25. Ra1 Qb5 26. Ba4 Qa6 27. cxb4 Bc6 28. e4 Bxa4 29. exd5 exd5 30. Qa3 Ra8 31. Qe3 Qc6 32. Qe5 g6 33. b5 Qd7 34. Qf6 Rf8 35. Qb6 Bxb5 36. Ra5 Bc6 37. Ra7 Qe6 38. h3 Qe3+ 0-1

[Event "Asian Zonal 3.3 Women 2019"]
[Site "Ulaanbaatar"]
[Date "2019.04.15"]
[Round "9.16"]
[White "Margadgua, Erdenebayar"]
[Black "Anujin, Bat-Amgalan"]
[Result "1-0"]
[ECO "A00"]
[WhiteElo "1585"]
[BlackElo "1407"]
[Annotator "NA RC"]
[PlyCount "59"]
[EventDate "2019.04.07"]
[EventType "swiss"]
[EventRounds "9"]
[EventCountry "MGL"]
[SourceTitle "playchess.com"]
[Source "ChessBase"]
[SourceQuality "1"]
[TimeControl "40/5400+30:1800+30"]

1. e4 c5 2. Nf3 g6 3. d4 cxd4 4. Nxd4 Nc6 5. Nc3 Bg7 6. Be3 Nf6 7. Bc4 O-O 8. Bb3 a5 9. O-O Ng4 10. Nxc6 Nxe3 11. Nxe7+ Qxe7 12. fxe3 Bxc3 13. bxc3 Qxe4 14. Qd4 Qe7 15. Bd5 Ra6 16. Rab1 d6 17. e4 Qc7 18. Rf6 b6 19. Rbf1 Ra7 20. Rxf7 Rxf7 21. Rxf7 Qxf7 22. Bxf7+ Rxf7 23. Qxb6 Be6 24. Qxd6 Bc4 25. h3 Bxa2 26. Qd8+ Kg7 27. Qxa5 Be6 28. Qe5+ Rf6 29. g4 Kf7 30. Qc7+ 1-0

[Event "Asian Zonal 3.3 Women 2019"]
[Site "Ulaanbaatar"]
[Date "2019.04.15"]
[Round "9.17"]
[White "Khanyl, Chuluuntuya"]
[Black "Tsogzolmaa, Nanjid"]
[Result "0-1"]
[ECO "A00"]
[WhiteElo "1375"]
[BlackElo "1815"]
[Annotator "NA RC"]
[PlyCount "70"]
[EventDate "2019.04.07"]
[EventType "swiss"]
[EventRounds "9"]
[EventCountry "MGL"]
[SourceTitle "playchess.com"]
[Source "ChessBase"]
[SourceQuality "1"]
[TimeControl "40/5400+30:1800+30"]

1. d4 e6 2. Nf3 Nf6 3. Bg5 d5 4. e3 c5 5. c3 Nc6 6. Bd3 c4 7. Bc2 b5 8. Nbd2 Be7 9. O-O O-O 10. Ne5 Nxe5 11. dxe5 Nd7 12. Bxe7 Qxe7 13. f4 f6 14. exf6 Nxf6 15. Nf3 a5 16. a3 Ba6 17. Ne5 Rfc8 18. Qd2 b4 19. axb4 axb4 20. Rfe1 b3 21. Bd1 Ne4 22. Qc1 Bb7 23. Bf3 Nc5 24. Qd2 Ra2 25. Reb1 Rca8 26. Qd1 Qc7 27. Rc1 Rxb2 28. Rxa8+ Bxa8 29. Nxc4 dxc4 30. Bxa8 Ra2 31. Bf3 Nd3 32. Rb1 Qa7 33. Be4 Qxe3+ 34. Kh1 Nf2+ 35. Kg1 Nxd1+ 0-1

[Event "Asian Zonal 3.3 Women 2019"]
[Site "Ulaanbaatar"]
[Date "2019.04.15"]
[Round "9.18"]
[White "Enkhnasan, Namjiljav"]
[Black "Lkhagvajed, Gantulga"]
[Result "1/2-1/2"]
[ECO "A00"]
[WhiteElo "1610"]
[BlackElo "1344"]
[Annotator "NA RC"]
[PlyCount "102"]
[EventDate "2019.04.07"]
[EventType "swiss"]
[EventRounds "9"]
[EventCountry "MGL"]
[SourceTitle "playchess.com"]
[Source "ChessBase"]
[SourceQuality "1"]
[TimeControl "40/5400+30:1800+30"]

1. d4 d5 2. c4 c6 3. Bf4 e6 4. e3 Bd6 5. Bxd6 Qxd6 6. c5 Qc7 7. Nf3 Nd7 8. Bd3 Ngf6 9. Nc3 e5 10. Bf5 e4 11. Bxd7+ Nxd7 12. Nd2 O-O 13. Ne2 f5 14. Nf4 Nf6 15. h4 Qf7 16. Nf1 Bd7 17. Ng3 b6 18. b4 bxc5 19. bxc5 Rab8 20. O-O h6 21. h5 Rb7 22. Rb1 Rfb8 23. Rxb7 Rxb7 24. Qc2 Bc8 25. Rb1 Kh7 26. Rxb7 Qxb7 27. Ng6 Nxh5 28. Nxh5 Kxg6 29. Nf4+ Kh7 30. Qd1 g6 31. g3 a6 32. Kg2 g5 33. Ne2 Qd7 34. Ng1 Kg6 35. a3 h5 36. Qb3 h4 37. Qb8 hxg3 38. Qxg3 Qf7 39. Nh3 Qe7 40. Qb8 Bd7 41. Qg8+ Qg7 42. Qxg7+ Kxg7 43. Nxg5 a5 44. Kg3 Kg6 45. Kf4 Kf6 46. f3 a4 47. Nh3 Be8 48. fxe4 fxe4 49. Nf2 Bh5 50. Nh1 Be2 51. Ng3 Bf3 1/2-1/2